SL
FT. WORTH CATTLEMEN @ ATHLETIC CLUB KC
09/14/2030
 
TOP OF THE 1ST
Ft. Worth Cattlemen batting - Pitching for Athletic Club KC : LHP José Flores
Pitching: LHP José Flores
Batting: SHB Javier Vázquez 0-0: Foul Ball, location: 2F
0-1: Swinging Strike
0-2: Ball
1-2: Ball
2-2: Ball
3-2: Foul Ball, location: 2F
3-2: Ground out 4-3 (Groundball, 4)
Batting: LHB Rick Mayfield 0-0: Called Strike
0-1: Ball
1-1: Fly out, F9 (Flyball, 9LM)
Batting: RHB Bart Lewis 0-0: Foul Ball, location: 2F
0-1: Ball
1-1: Ball
2-1: Fly out, F8 (Flyball, 8LD)
Top of the 1st over - 0 runs, 0 hits, 0 errors, 0 left on base; Ft. Worth 0 - Athletic Club KC 0
BOTTOM OF THE 1ST
Athletic Club KC batting - Pitching for Ft. Worth Cattlemen : RHP Dave Reed
Pitching: RHP Dave Reed
Batting: RHB Jesús Vargas 0-0: Ball
1-0: Foul Ball, location: 2F
1-1: Fly out, F7 (Flyball, 7S)
Batting: RHB Dong-min Cho 0-0: Ground out 6-3 (Groundball, 6S)
Batting: LHB Tsai Ng 0-0: Called Strike
0-1: Ball
1-1: Swinging Strike
1-2: Ball
2-2: Ball
3-2: Strikes out looking
Bottom of the 1st over - 0 runs, 0 hits, 0 errors, 0 left on base; Ft. Worth 0 - Athletic Club KC 0
TOP OF THE 2ND
Ft. Worth Cattlemen batting - Pitching for Athletic Club KC : LHP José Flores
Batting: RHB Gilberto Juárez 0-0: Ball
1-0: SINGLE (Groundball, 56S) (infield hit)
Batting: LHB Nobuo Yamashita 0-0: Ball
1-0: Grounds into double play, 4-6-3 (Groundball, 4)
Batting: SHB Robby Day 0-0: Ball
1-0: Ball
2-0: Ball
3-0: Called Strike
3-1: Base on Balls
Batting: SHB Marcos Roa 0-0: Ball
1-0: Foul Ball, location: 2F
1-1: Foul Ball, location: 2F
1-2: Ball
2-2: Foul Ball, location: 2F
2-2: Strikes out swinging
Top of the 2nd over - 0 runs, 1 hit, 0 errors, 1 left on base; Ft. Worth 0 - Athletic Club KC 0
BOTTOM OF THE 2ND
Athletic Club KC batting - Pitching for Ft. Worth Cattlemen : RHP Dave Reed
Batting: LHB Jesús Reyes 0-0: Ball
1-0: Ball
2-0: Ball
3-0: Base on Balls
Batting: SHB Pedro Vázquez 0-0: Ball
1-0: Called Strike
1-1: Grounds into double play, 5-4-3 (Groundball, 56)
Batting: LHB Manuel Domínguez 0-0: Ball
1-0: Ball
2-0: Ball
3-0: Called Strike
3-1: Fly out, F8 (Flyball, 8LM)
Bottom of the 2nd over - 0 runs, 0 hits, 0 errors, 0 left on base; Ft. Worth 0 - Athletic Club KC 0
TOP OF THE 3RD
Ft. Worth Cattlemen batting - Pitching for Athletic Club KC : LHP José Flores
Batting: LHB Chris Etheridge 0-0: Called Strike
0-1: Ball
1-1: Ball
2-1: Called Strike
2-2: Ground out 5-3 (Groundball, 56)
Batting: RHB Orlando Montoya 0-0: Called Strike
0-1: Fly out, F7 (Flyball, 7LM)
Batting: SHB Javier Vázquez 0-0: Ball
1-0: Ball
2-0: Ball
3-0: Base on Balls
Batting: LHB Rick Mayfield 0-0: Ball
1-0: Ball
2-0: Called Strike
2-1: Ball
3-1: Called Strike
3-2: SINGLE (Groundball, 4) (infield hit)
Javier Vázquez to second
Batting: RHB Bart Lewis 0-0: Ball
1-0: Called Strike
1-1: Fly out, F7 (Flyball, 7D)
Top of the 3rd over - 0 runs, 1 hit, 0 errors, 2 left on base; Ft. Worth 0 - Athletic Club KC 0
BOTTOM OF THE 3RD
Athletic Club KC batting - Pitching for Ft. Worth Cattlemen : RHP Dave Reed
Batting: RHB Richard Younger 0-0: Foul Ball, location: 2F
0-1: Fly out, F7 (Flyball, 7LS)
Batting: SHB Sang-your Yu 0-0: Foul Ball, location: 2F
0-1: Foul Ball, location: 2F
0-2: Ground out 4-3 (Groundball, 4)
Batting: RHB Khal Drogo 0-0: Ground out 4-3 (Groundball, 4)
Bottom of the 3rd over - 0 runs, 0 hits, 0 errors, 0 left on base; Ft. Worth 0 - Athletic Club KC 0
TOP OF THE 4TH
Ft. Worth Cattlemen batting - Pitching for Athletic Club KC : LHP José Flores
Batting: RHB Gilberto Juárez 0-0: Called Strike
0-1: Ball
1-1: Swinging Strike
1-2: Strikes out swinging
Batting: LHB Nobuo Yamashita 0-0: Ball
1-0: Ball
2-0: Called Strike
2-1: Ground out 4-3 (Groundball, 4)
Batting: SHB Robby Day 0-0: Ball
1-0: Ball
2-0: Called Strike
2-1: Fly out, F9 (Flyball, 9)
Top of the 4th over - 0 runs, 0 hits, 0 errors, 0 left on base; Ft. Worth 0 - Athletic Club KC 0
BOTTOM OF THE 4TH
Athletic Club KC batting - Pitching for Ft. Worth Cattlemen : RHP Dave Reed
Batting: RHB Jesús Vargas 0-0: Ground out U3 (Groundball, 3S)
Batting: RHB Dong-min Cho 0-0: Called Strike
0-1: Swinging Strike
0-2: Ground out 4-3 (Groundball, 4)
Batting: LHB Tsai Ng 0-0: SOLO HOME RUN (Flyball, 9LD), Distance : 350 ft
Batting: LHB Jesús Reyes 0-0: Ball
1-0: Called Strike
1-1: Foul Ball, location: 2F
1-2: Ball
2-2: Strikes out swinging
Bottom of the 4th over - 1 run, 1 hit, 0 errors, 0 left on base; Ft. Worth 0 - Athletic Club KC 1
TOP OF THE 5TH
Ft. Worth Cattlemen batting - Pitching for Athletic Club KC : LHP José Flores
Batting: SHB Marcos Roa 0-0: Foul Ball, location: 2F
0-1: Ball
1-1: Foul Ball, location: 2F
1-2: Ball
2-2: Fly out, F8 (Flyball, 78D)
Batting: LHB Chris Etheridge 0-0: Ball
1-0: Foul Ball, location: 2F
1-1: Ball
2-1: Ground out U3 (Groundball, 34)
Batting: RHB Orlando Montoya 0-0: Called Strike
0-1: Foul Ball, location: 2F
0-2: Ball
1-2: Foul Ball, location: 2F
1-2: Strikes out swinging
Top of the 5th over - 0 runs, 0 hits, 0 errors, 0 left on base; Ft. Worth 0 - Athletic Club KC 1
BOTTOM OF THE 5TH
Athletic Club KC batting - Pitching for Ft. Worth Cattlemen : RHP Dave Reed
Batting: SHB Pedro Vázquez 0-0: Ball
1-0: Ball
2-0: Ground out U3 (Groundball, 3L)
Batting: LHB Manuel Domínguez 0-0: Ball
1-0: Foul Ball, location: 2F
1-1: Ball
2-1: Foul Ball, location: 2F
2-2: Ball
3-2: Fly out, F8 (Flyball, 8RD)
Batting: RHB Richard Younger 0-0: Swinging Strike
0-1: Foul Ball, location: 2F
0-2: Strikes out looking
Bottom of the 5th over - 0 runs, 0 hits, 0 errors, 0 left on base; Ft. Worth 0 - Athletic Club KC 1
TOP OF THE 6TH
Ft. Worth Cattlemen batting - Pitching for Athletic Club KC : LHP José Flores
Batting: SHB Javier Vázquez 0-0: SINGLE (Groundball, 5) (infield hit)
Batting: LHB Rick Mayfield 0-0: Called Strike
0-1: Ball
1-1: Swinging Strike
1-2: Strikes out looking
Batting: RHB Bart Lewis 0-0: Called Strike
0-1: Fly out, F7 (Flyball, 7S)
Batting: RHB Gilberto Juárez 0-0: Called Strike
Javier Vázquez steals 2nd base
0-1: Ball
1-1: Ball
2-1: Ball
3-1: Called Strike
3-2: Base on Balls
Batting: LHB Nobuo Yamashita 0-0: Ball
1-0: Ball
2-0: Ball
3-0: Called Strike
3-1: Base on Balls
Javier Vázquez to third
Gilberto Juárez to second
Batting: SHB Robby Day 0-0: Called Strike
0-1: Ground out 6-3 (Groundball, 56)
Top of the 6th over - 0 runs, 1 hit, 0 errors, 3 left on base; Ft. Worth 0 - Athletic Club KC 1
BOTTOM OF THE 6TH
Athletic Club KC batting - Pitching for Ft. Worth Cattlemen : RHP Dave Reed
Batting: SHB Sang-your Yu 0-0: Called Strike
0-1: Ground out 5-3 (Groundball, 56S)
Batting: RHB Khal Drogo 0-0: Ball
1-0: Fly out, F6 (Line Drive, 6)
Batting: RHB Jesús Vargas 0-0: Called Strike
0-1: Ball
1-1: Fly out, F8 (Flyball, 89XD)
Bottom of the 6th over - 0 runs, 0 hits, 0 errors, 0 left on base; Ft. Worth 0 - Athletic Club KC 1
TOP OF THE 7TH
Ft. Worth Cattlemen batting - Pitching for Athletic Club KC : LHP José Flores
Batting: SHB Marcos Roa 0-0: Ball
1-0: Ground out 5-3 (Groundball, 56)
Batting: LHB Chris Etheridge 0-0: Called Strike
0-1: Called Strike
0-2: Ball
1-2: Ground out 4-3 (Groundball, 4)
Batting: RHB Orlando Montoya 0-0: Called Strike
0-1: Called Strike
0-2: Strikes out looking
Top of the 7th over - 0 runs, 0 hits, 0 errors, 0 left on base; Ft. Worth 0 - Athletic Club KC 1
BOTTOM OF THE 7TH
Athletic Club KC batting - Pitching for Ft. Worth Cattlemen : RHP Dave Reed
Batting: RHB Dong-min Cho 0-0: Called Strike
0-1: Fly out, F7 (Line Drive, 7)
Batting: LHB Tsai Ng 0-0: Ball
1-0: Ball
2-0: Ball
3-0: Called Strike
3-1: Called Strike
3-2: Ground out 5-3 (Groundball, 56)
Batting: LHB Jesús Reyes 0-0: Ball
1-0: Called Strike
1-1: Foul Ball, location: 2F
1-2: Ball
2-2: Strikes out swinging
Bottom of the 7th over - 0 runs, 0 hits, 0 errors, 0 left on base; Ft. Worth 0 - Athletic Club KC 1
TOP OF THE 8TH
Ft. Worth Cattlemen batting - Pitching for Athletic Club KC : LHP José Flores
Batting: SHB Javier Vázquez 0-0: Called Strike
0-1: Ball
1-1: Called Strike
1-2: Strikes out swinging, 2-3 out at first.
Batting: LHB Rick Mayfield 0-0: Ball
1-0: Ground out 1-3 (Groundball, P)
Batting: RHB Bart Lewis 0-0: Ball
1-0: Fly out, F7 (Line Drive, 7)
Top of the 8th over - 0 runs, 0 hits, 0 errors, 0 left on base; Ft. Worth 0 - Athletic Club KC 1
BOTTOM OF THE 8TH
Athletic Club KC batting - Pitching for Ft. Worth Cattlemen : RHP Dave Reed
Batting: SHB Pedro Vázquez 0-0: Called Strike
0-1: Swinging Strike
0-2: Fly out, F7 (Flyball, 78S)
Batting: LHB Manuel Domínguez 0-0: Called Strike
0-1: Foul Ball, location: 2F
0-2: Strikes out swinging
Batting: RHB Richard Younger 0-0: SINGLE (Groundball, 34D)
Batting: SHB Sang-your Yu 0-0: Called Strike
Richard Younger steals 2nd base
0-1: 2-RUN HOME RUN (Flyball, 9D), Distance : 374 ft
Batting: RHB Khal Drogo 0-0: Ball
1-0: Ball
2-0: Called Strike
2-1: Foul Ball, location: 2F
2-2: Foul Ball, location: 2F
2-2: Ball
3-2: Foul Ball, location: 2F
3-2: Strikes out looking
Bottom of the 8th over - 2 runs, 2 hits, 0 errors, 0 left on base; Ft. Worth 0 - Athletic Club KC 3
TOP OF THE 9TH
Ft. Worth Cattlemen batting - Pitching for Athletic Club KC : LHP José Flores
Pitching: RHP Sook Sung-Man
Batting: RHB Gilberto Juárez 0-0: Ball
1-0: Ball
2-0: Called Strike
2-1: Foul Ball, location: 2F
2-2: Strikes out swinging
Batting: LHB Nobuo Yamashita 0-0: Fly out, F7 (Flyball, 7LD)
Now in LF: Enrique Sánchez
Batting: SHB Robby Day 0-0: Ball
1-0: Called Strike
1-1: Fly out, F9 (Flyball, 9LM)
Top of the 9th over - 0 runs, 0 hits, 0 errors, 0 left on base; Ft. Worth 0 - Athletic Club KC 3
Sunday, March 18th, 2018 - OOTP Baseball 18.8 Build 76